 Dungeon Crawl Stone Soup version 0.26.1-11-gd32895ea62 (console) character file.

Game seed: 11034548538263998358

2333 om the Frost Mage (level 9, -3/51 HPs)
             Began as a Deep Elf Ice Elementalist on July 12, 2021.
             Was a Follower of Vehumet.
             Slain by a worker ant (5 damage)
             ... on level 7 of the Dungeon.
             The game lasted 00:23:55 (10358 turns).

om the Frost Mage (Deep Elf Ice Elementalist)      Turns: 10358, Time: 00:23:55

Health: -3/51      AC:  3    Str:  7    XL:     9   Next: 19%
Magic:  12/18      EV: 16    Int: 21    God:    Vehumet [*.....]
Gold:   311        SH:  0    Dex: 16    Spells: 6/18 levels left

rFire    + . .     SeeInvis .   r - +4 dagger
rCold    + . .     Faith    .   (no shield)
rNeg     . . .     Spirit   .   a - +1 robe
rPois    +         Reflect  .   (no helmet)
rElec    +         Harm     .   (no cloak)
rCorr    +         Rampage  .   (no gloves)
Will     +....                  (no boots)
Stlth    +++.......             (no amulet)
HPRegen  0.17/turn              i - ring of willpower
MPRegen  0.16/turn              k - ring of flight

@: resistant, flying
A: no striking features
a: Renounce Religion


You were on level 7 of the Dungeon.
You worshipped Vehumet.
Vehumet was aware of your devotion.
You visited 2 branches of the dungeon, and saw 8 of its levels.
You also visited: Ossuary.

You collected 311 gold pieces.

Inventory:

Hand Weapons
 r - a +4 dagger (weapon)
 t - a +1 dagger of holy wrath
Armour
 a - a +1 robe (worn)
Magical Staves
 E - an uncursed staff of earth
Jewellery
 i - a ring of willpower (left hand)
 k - a ring of flight (right hand)
 u - an uncursed ring of willpower
 D - an uncursed ring of magical power {unknown}
Wands
 b - a wand of acid (8)
 A - a wand of digging (4)
 C - a wand of enslavement (11)
Scrolls
 f - 2 scrolls of amnesia
 g - 5 scrolls of remove curse
 j - 4 scrolls of teleportation
 l - a scroll of enchant weapon {unknown}
 q - a scroll of enchant armour
 s - a scroll of fog {unknown}
 y - 2 scrolls of identify
 z - a scroll of immolation {unknown}
 B - a scroll of noise {unknown}
Potions
 c - 3 potions of might
 e - a potion of magic
 h - a potion of ambrosia
 o - a potion of attraction {unknown}
 p - 2 potions of heal wounds {unknown}
 v - a potion of cancellation {unknown}
 w - 3 potions of brilliance
 x - 3 potions of haste


   Skills:
 + Level 3.5 Fighting
 - Level 6.0 Short Blades
 - Level 6.0 Dodging
 - Level 4.0 Stealth
 - Level 5.0 Spellcasting
 * Level 4.6 Conjurations
 - Level 8.0 Ice Magic


You had 6 spell levels left.
You knew the following spells:

 Your Spells              Type           Power        Failure   Level
a - Freeze                Ice            100%         1%          1
b - Frozen Ramparts       Ice            76%          1%          3
c - Ozocubu's Armour      Ice            38%          1%          3
d - Hailstorm             Conj/Ice       31%          9%          4
e - Magic Dart            Conj           96%          1%          1

Your spell library contained the following spells:

 Spells                   Type           Power        Failure   Level
 Foxfire                  Conj/Fire      60%          4%          1
 Conjure Flame            Conj/Fire      15%          13%         3
 Summon Ice Beast         Ice/Summ       22%          21%         4
 Inner Flame              Hex/Fire       5%           32%         3
 Sticky Flame             Conj/Fire      15%          38%         4
 Fireball                 Conj/Fire      7%           75%         5


Dungeon Overview and Level Annotations

Branches:
Dungeon (7/15)             Temple (1/1) D:6         Ossuary (visited)

Altars:
Cheibriados
Dithmenos
Elyvilon
Fedhas
Gozag
Hepliaklqana
Kikubaaqudgha
Makhleb
Nemelex Xobeh
Okawaru
Qazlal
Ru
Sif Muna
Trog
Uskayaw
Vehumet
Wu Jian
Xom
Yredelemnul
Zin
The Shining One

Annotations:
D:6 exclusions: centaur and 1 more exclusion
D:7 Joseph


Message History

You hit Menkaure but do no damage.
Menkaure is severely damaged.
Menkaure closely misses you.
You hit Menkaure.
Menkaure is severely damaged.
Menkaure hits you!
* * * LOW HITPOINT WARNING * * *
You feel better. Menkaure barely misses you.
You hit Menkaure.
Menkaure is almost destroyed.
Menkaure hits you!
* * * LOW HITPOINT WARNING * * *
You hit Menkaure.
You destroy Menkaure!
Vehumet accepts your kill.
Okay, then.
Okay, then.
Found a potion of brilliance.
The worker ant bites you.
You die...

.. #...# #.# ..
#.#.# #.# #.
#.####.#.# #.# #.
#......#.####.# #.
#.............# #.
#.###........## #.
##.#............
#.##.#..###.####.##
#...###.# #.# #.#
#.B#...## #.# #.#
#.@#.#.# #.# #.#
.........###.# #.#
#.# >######.#.# #
.# #.# ...#.# #.#
#.. ... #.# #.##
### ###.# #!# #...#
#.# #.### #.# #.#
##.##


You could see a worker ant.

Vanquished Creatures
  Eustachio (D:6)
  Menkaure (D:7)
  3 ogres
  A black bear (D:5)
  3 centaurs
  2 big kobolds (D:7)
  3 bullfrogs
  A wyvern zombie (Ossuary)
  3 scorpions
  A howler monkey (D:5)
  2 bullfrog zombies
  2 hounds (D:5)
  2 centaur zombies
  A centaur skeleton (D:5)
  An orc priest (D:3)
  3 iguanas
  A worker ant (D:6)
  2 killer bee zombies (Ossuary)
  A hound zombie (Ossuary)
  A hound skeleton (D:4)
  10 mummies
  2 worker ant zombies (Ossuary)
  A howler monkey zombie (D:6)
  8 gnolls
  10 adders
  A shadow imp (D:6)
  2 adder zombies
  A worm (D:3)
  2 dart slugs (D:1)
  4 leopard geckos
  4 orcs
  7 bats
  9 giant cockroaches
  8 goblins
  3 hobgoblins
  8 jackals
  22 kobolds
  4 quokkas
  2 ball pythons
  5 frilled lizards
  2 jackal skeletons (D:6)
  A kobold zombie (D:5)
  An orc zombie (D:5)
  A quokka zombie (Ossuary)
  5 rats
158 creatures vanquished.

Vanquished Creatures (others)
  7 withered plants (Ossuary)
7 creatures vanquished.

Grand Total: 165 creatures vanquished

Notes
Turn   | Place    | Note
-------+----------+-------------------------------------------
     0 | D:1      | om the Deep Elf Ice Elementalist began the quest for the
                  | Orb.
     0 | D:1      | Reached XP level 1. HP: 10/10 MP: 6/6
   261 | D:1      | Reached XP level 2. HP: 15/15 MP: 8/8
   790 | D:1      | Reached XP level 3. HP: 19/19 MP: 7/9
   794 | D:1      | Learned a level 3 spell: Frozen Ramparts
  1099 | D:1      | Learned a level 3 spell: Ozocubu's Armour
  1483 | D:2      | Reached XP level 4. HP: 23/24 MP: 3/11
  1803 | D:2      | Reached skill level 5 in Ice Magic
  2819 | D:3      | Reached XP level 5. HP: 28/28 MP: 8/13
  3007 | D:3      | Found a glowing golden altar of the Shining One.
  3082 | D:3      | Found a bloodstained altar of Trog.
  3537 | D:3      | Reached skill level 1 in Short Blades
  3751 | D:4      | Noticed an ogre
  3760 | D:4      | Killed an ogre
  3761 | D:4      | Reached skill level 5 in Dodging
  3761 | D:4      | Reached XP level 6. HP: 30/32 MP: 1/14
  4642 | D:5      | Entered Level 5 of the Dungeon
  4644 | D:5      | Reached XP level 7. HP: 36/36 MP: 15/15
  4667 | D:5      | Found an iron altar of Okawaru.
  4766 | D:5      | Found a sand-covered staircase.
  4771 | Ossuary  | Entered an ossuary
  4877 | Ossuary  | Reached skill level 6 in Ice Magic
  5118 | Ossuary  | HP: 1/36 [mummy (9)]
  5442 | Ossuary  | Reached skill level 5 in Short Blades
  6333 | D:5      | Reached skill level 1 in Fighting
  6333 | D:5      | Reached XP level 8. HP: 43/43 MP: 10/16
  6513 | D:5      | Found a burning altar of Makhleb.
  6651 | D:5      | Found a blossoming altar of Fedhas.
  6859 | D:5      | Reached skill level 5 in Spellcasting
  7225 | D:6      | Found a shadowy altar of Dithmenos.
  7465 | D:6      | Found a staircase to the Ecumenical Temple.
  7469 | Temple   | Entered the Ecumenical Temple
  7705 | Temple   | Became a worshipper of Vehumet
  7830 | D:6      | Learned a level 4 spell: Hailstorm
  7845 | D:6      | Found an opulent altar of Gozag.
  7990 | D:6      | Reached skill level 7 in Ice Magic
  8122 | D:6      | Reached skill level 1 in Conjurations
  8435 | D:6      | Noticed Eustachio
  8453 | D:6      | Killed Eustachio
  9751 | D:7      | Noticed Joseph
  9955 | D:7      | Reached XP level 9. HP: 50/50 MP: 10/18
  9976 | D:7      | Reached * piety under Vehumet
  9976 | D:7      | Offered knowledge of Magic Dart by Vehumet.
  9977 | D:7      | Reached skill level 8 in Ice Magic
  9980 | D:7      | Learned a level 1 spell: Magic Dart
 10180 | D:7      | Found a hazy altar of Hepliaklqana.
 10184 | D:7      | Found a snail-covered altar of Cheibriados.
 10186 | D:7      | Found a bloodstained altar of Trog.
 10186 | D:7      | Found a stormy altar of Qazlal.
 10188 | D:7      | Found a shimmering altar of Xom.
 10191 | D:7      | Found an ancient bone altar of Kikubaaqudgha.
 10340 | D:7      | Noticed Menkaure
 10355 | D:7      | HP: 2/51 [Menkaure (13)]
 10356 | D:7      | Killed Menkaure
 10358 | D:7      | Slain by a worker ant

Illustrated notes

Levels and vault maps discovered:
D:1:      wheals_arrival_shading, layout_loops_ring,
          ebering_dispersal_statue_hall
D:2:      layout_rooms, minmay_puff
D:3:      layout_basic, lemuel_doored_altar, bloody_trog
D:4:      layout_rooms
D:5:      layout_loops_ring, makhleb_blood_cavern_becter, okawaru_gym_becter,
          nicolae_ossuary_entry_giza, fedhas_ov_isle_minmay
D:6:      minmay_angry_zag, layout_loops_corners,
          nicolae_dithmenos_the_darkroom, old_standard_altar, temple_hall_moat,
          centaur_isle, uniq_eustachio
D:7:      layout_loops_ring, minitemple, basic_altar, led_sif_book,
          uniq_menkaure, uniq_joseph, uniq_crazy_yiuf_cottage
Temple:   jpeg_temple_alley_garden

Skill      XL: |  1  2  3  4  5  6  7  8  9 |
---------------+----------------------------+-----
Dodging        | 3 4 5 6 |  6.0
Stealth        | 3 4 |  4.0
Spellcasting   | 4 5 |  5.0
Ice Magic      | 5 6 7 8 |  8.0
Short Blades   | 1 3 6 |  6.0
Fighting       | 1 3 |  3.5
Conjurations   | 3 4 |  4.6

Action                   |  1- 3 |  4- 6 |  7- 9 || total
-------------------------+-------+-------+-------++-------
Melee: Dagger            |    25 |    84 |   345 ||   454
 Cast: Freeze            |    34 |    48 |    48 ||   130
       Frozen Ramparts   |     1 |    11 |    15 ||    27
       Ozocubu's Armour  |     1 |     5 |    15 ||    21
       Magic Dart        |       |       |    12 ||    12
  Use: Scroll            |     3 |     7 |     5 ||    15
       Potion            |       |       |     7 ||     7
 Stab: Sleeping          |     4 |     2 |     7 ||    13
       Distracted        |       |     1 |     2 ||     3
Armor: Robe              |     4 |    11 |    34 ||    49
       Skin              |       |       |    49 ||    49
Dodge: Dodged            |    40 |    97 |   186 ||   323
